 Dungeon Crawl Stone Soup version 0.24-a0-451-g263dff2034 (webtiles) character file.

Game seed: 3017229263502032163

1431 Mrkan the Cleaver (level 8, -1/73 HPs)
             Began as a Hill Orc Abyssal Knight on June 26, 2019.
             Was an Elder of Lugonu.
             Slain by a black bear (4 damage)
             ... on level 7 of the Dungeon.
             The game lasted 00:15:44 (6610 turns).

Mrkan the Cleaver (Hill Orc Abyssal Knight)         Turns: 6610, Time: 00:15:44

Health: -1/73      AC: 14    Str: 17    XL:     8   Next: 73%
Magic:  13/13      EV:  2    Int: 12    God:    Lugonu [****..]
Gold:   374        SH:  9    Dex: 12    Spells: 7/7 levels left

rFire    . . .     SeeInvis .   a - +2 hand axe
rCold    . . .     Gourm    .   x - +1 shield
rNeg     . . .     Faith    .   m - +0 plate armour
rPois    +         Spirit   .   (no helmet)
rElec    .         Reflect  .   (no cloak)
rCorr    .         Harm     .   h - +2 pair of gloves
MR       .....                  (no boots)
Stlth    ..........             (no amulet)
HPRegen  0.22/turn              q - +2 ring of dexterity
MPRegen  0.13/turn              s - ring of poison resistance (curse)

@: no status effects
A: no striking features
a: Depart the Abyss, Bend Space, Banish, Corrupt, Renounce Religion


You were on level 7 of the Dungeon.
You worshipped Lugonu.
Lugonu was greatly pleased with you.
You were not hungry.

You visited 2 branches of the dungeon, and saw 8 of its levels.
You visited the Abyss 1 time.

You collected 374 gold pieces.

Inventory:

Hand Weapons
 a - a +2 hand axe (weapon)
Missiles
 g - a boomerang of dispersal
 j - 11 poisoned darts (quivered)
 B - 7 silver javelins
Armour
 h - a +2 pair of gloves (worn)
 m - a +0 plate armour (worn)
 x - a +1 shield (worn)
 A - a +0 pair of boots
Jewellery
 o - an uncursed ring of ice
 q - a +2 ring of dexterity (left hand)
 s - a cursed ring of poison resistance (right hand)
 t - an uncursed ring of protection from magic {unknown}
Wands
 n - a wand of digging (3)
 y - a wand of flame (33)
 z - a wand of random effects (41)
Scrolls
 b - a scroll of teleportation
 f - 3 scrolls of immolation
 i - 2 scrolls of identify
 k - a scroll of fear
 r - a scroll of amnesia
Potions
 d - 2 potions of heal wounds
 e - 2 potions of haste
 l - 2 potions of curing {unknown}
 p - a potion of lignification {unknown}
 u - 2 potions of degeneration {unknown}
 v - 2 potions of might {unknown}
 w - 2 potions of flight {unknown}
 C - 2 potions of agility {unknown}
Comestibles
 c - 14 rations


   Skills:
 + Level 7.4 Fighting
 * Level 9.3 Axes
 - Level 2.1 Armour
 - Level 0.7 Dodging
 + Level 2.1 Shields
 + Level 7.4 Invocations


You had 7 spell levels left.
You didn't know any spells.
Your spell library was empty.

Dungeon Overview and Level Annotations

Branches:
Dungeon (7/15)             Temple (1/1) D:6

Altars:
Ashenzari
Hepliaklqana
Nemelex Xobeh
Sif Muna
Trog
Uskayaw
Vehumet
Wu Jian
Xom
Zin

Annotations:
D:6 2 transporters
D:7 Joseph, Menkaure


Message History

The black bear is almost dead.
The black bear goes berserk!
Menkaure calls on the powers of darkness!
Joseph convulses!
The black bear convulses!
Your body is wracked with pain!
* * * LOW HITPOINT WARNING * * *
You block the black bear's attack.
The black bear claws you but does no damage. x2
Menkaure calls on the powers of darkness!
Joseph convulses!
The black bear convulses!
Your body is wracked with pain!
* * * LOW HITPOINT WARNING * * *
The black bear rages.
The black bear bites you!
* * * LOW HITPOINT WARNING * * *
The black bear claws you but does no damage.
You block the black bear's attack.
There is a stone staircase leading up here.
The black bear bites you but does no damage.
The black bear claws you but does no damage.
The black bear claws you.
You die...

. .. ... ....
.....
......#########
.(.....(M..@h@#
######.####.#.#
#. #.#.# #.
#...# #. #####
#. #. #.


You could see Joseph, a black bear (berserk) and Menkaure.

Vanquished Creatures
  A sky beast (D:5)
  2 ogres
  A black bear (D:6)
  A phantom (D:4)
  An ice beast (D:6)
  A centaur (D:6)
  A scorpion (D:5)
  A crimson imp (D:5)
  A howler monkey (D:6)
  A centaur zombie (D:5)
  A jelly (D:3)
  4 orc priests
  6 orc wizards
  A centaur skeleton (D:4)
  3 worker ants
  An iguana (D:5)
  A worker ant zombie (D:6)
  3 gnolls (D:5)
  4 adders
  2 shadow imps (D:5)
  An ooze (D:5)
  An adder zombie (D:5)
  4 adder skeletons
  4 worms
  3 dart slugs
  8 leopard geckos
  18 orcs
  7 bats
  2 giant cockroaches
  8 goblins
  3 hobgoblins
  13 jackals
  2 quokkas (D:4)
  5 frilled lizards
  2 jackal skeletons
  11 kobolds
  A leopard gecko skeleton (D:6)
  A quokka skeleton (D:4)
  A quokka zombie (D:6)
  10 rats
142 creatures vanquished.

Notes
Turn   | Place    | Note
-------+----------+-------------------------------------------
     0 | Abyss:1  | Mrkan the Hill Orc Abyssal Knight began the quest for the
                  | Orb.
     0 | Abyss:1  | Reached XP level 1. HP: 19/19 MP: 2/2
    40 | D:1      | Escaped the Abyss
   176 | D:1      | Reached skill level 3 in Axes
   194 | D:1      | Reached XP level 2. HP: 22/27 MP: 4/4
   796 | D:1      | Reached XP level 3. HP: 33/33 MP: 5/5
   947 | D:1      | Reached ** piety under Lugonu
  1336 | D:2      | Reached XP level 4. HP: 39/41 MP: 6/6
  1563 | D:3      | Reached skill level 4 in Axes
  1923 | D:3      | Found an ornate altar of the Wu Jian Council.
  2056 | D:3      | Reached XP level 5. HP: 25/47 MP: 8/8
  2151 | D:3      | Found a sparkling altar of Nemelex Xobeh.
  2286 | D:4      | Reached skill level 5 in Fighting
  2319 | D:4      | Reached *** piety under Lugonu
  2329 | D:4      | Reached skill level 5 in Axes
  2339 | D:4      | Reached skill level 5 in Invocations
  2339 | D:4      | Reached XP level 6. HP: 36/56 MP: 9/9
  2490 | D:4      | Found a shattered altar of Ashenzari.
  2695 | D:4      | Found a glowing silver altar of Zin.
  2707 | D:4      | Found a radiant altar of Vehumet.
  2739 | D:4      | Found a bloodstained altar of Trog.
  2781 | D:4      | Noticed a phantom
  2904 | D:4      | Killed a phantom
  2974 | D:4      | Found a shimmering altar of Xom.
  3118 | D:4      | Found a hazy altar of Hepliaklqana.
  3305 | D:5      | Entered Level 5 of the Dungeon
  3327 | D:5      | Reached skill level 6 in Axes
  3612 | D:5      | Reached XP level 7. HP: 27/62 MP: 11/11
  4164 | D:5      | Reached skill level 7 in Axes
  4691 | D:5      | Found a deep blue altar of Sif Muna.
  4781 | D:5      | Reached XP level 8. HP: 62/71 MP: 12/12
  4841 | D:5      | Reached skill level 8 in Axes
  5181 | D:6      | Found a hide-covered altar of Uskayaw.
  5245 | D:5      | HP: 2/71 [orc warrior/+0 war axe (11)]
  5630 | D:6      | Found a staircase to the Ecumenical Temple.
  5639 | Temple   | Entered the Ecumenical Temple
  5672 | D:6      | Reached **** piety under Lugonu
  5750 | D:6      | Reached skill level 1 in Shields
  5852 | D:6      | Found a shattered altar of Ashenzari.
  5948 | D:6      | Found a transporter.
  6027 | D:6      | Noticed a kobold demonologist
  6030 | D:6      | Found a transporter.
  6042 | D:6      | Reached skill level 9 in Axes
  6590 | D:7      | Noticed Joseph
  6590 | D:7      | Noticed Menkaure
  6608 | D:7      | HP: 2/73 [black bear (8)]
  6610 | D:7      | Slain by a black bear

Levels and vault maps discovered:
D:1:      saegor_arrival_simple_a, layout_basic, minmay_vboxes
D:2:      layout_basic
D:3:      layout_basic, lemuel_round_altar, lemuel_doored_altar,
          interstate_on_off, kennysheep_generic_room_16
D:4:      layout_rooms, nicolae_overflow_hidden_temple,
          lemuel_coloured_pillars_altar, lightli_temple_of_fire,
          evilmike_ruin_ashenzari, zin_statuary, vehumet_altar_wand_db,
          kennysheep_generic_room_8
D:5:      layout_basic, marbit_many_paths, first_ration
D:6:      gammafunk_wand_slinger, layout_gridville,
          eat_drink_and_be_merry_uskayaw, minmay_temple_entry_crystal_x,
          basic_altar
D:7:      lemuel_ice_spiral_2, layout_basic, grunt_ogre_cave,
          grunt_gozag_statues, uniq_joseph, uniq_menkaure
Temple:   minmay_temple_curvy_loop

Skill      XL: |  1  2  3  4  5  6  7  8 |
---------------+-------------------------+-----
Axes           | 3 4 5 6 7 9 |  9.3
Invocations    | 3 4 5 6 7 |  7.4
Fighting       | 4 5 6 7 |  7.4
Shields        | 2 |  2.1
Armour         | |  2.1
Dodging        | |  0.7

Action                   |  1- 3 |  4- 6 |  7- 9 || total
-------------------------+-------+-------+-------++-------
Melee: Hand axe          |   140 |   343 |   333 ||   816
Throw: Dart              |       |    30 |    16 ||    46
  Use: Scroll            |       |       |    14 ||    14
       Potion            |       |       |     1 ||     1
 Stab: Sleeping          |     1 |       |       ||     1
  Eat: Chunk             |     2 |     5 |     4 ||    11
       Ration            |       |     1 |     2 ||     3
Armor: Leather armour    |    37 |       |       ||    37
       Plate armour      |     4 |   303 |   264 ||   571
Dodge: Dodged            |    76 |    61 |    31 ||   168
Block: Shield            |       |    48 |   142 ||   190

Table legend:
 A = Non-vault XP
 B = Vault XP
 C = Vault XP percentage of total XP
 D = Non-vault monster count
 E = Vault monster count
 F = Vault count percentage of total count
                 A         B        C        D         E       F
            +---------+---------+-------+---------+---------+-------
      Total |    2015 |      30 |   1.5 |     132 |      10 |   7.0
            +---------+---------+-------+---------+---------+-------
        D:1 |      28 |      11 |  28.2 |      17 |       7 |  29.2
        D:2 |      47 |       0 |   0.0 |      16 |       0 |   0.0
        D:3 |     116 |       4 |   3.3 |      28 |       1 |   3.4
        D:4 |     343 |      15 |   4.2 |      17 |       2 |  10.5
        D:5 |     762 |       0 |   0.0 |      30 |       0 |   0.0
        D:6 |     697 |       0 |   0.0 |      21 |       0 |   0.0
     Temple |      22 |       0 |   0.0 |       3 |       0 |   0.0
            +---------+---------+-------+---------+---------+-------
